 Dungeon Crawl Stone Soup version 0.30-a0-900-g23479c02f2 (webtiles) character file.

Game seed: 3210356539360893097

18 JumpingJurisdiction the Twirler (level 2, -3/25 HPs)
             Began as a Minotaur Gladiator on Mar 18, 2023.
             Slain by an orc
             ... wielding a +0 hand axe
              (6 damage)
             ... on level 5 of the Dungeon.
             The game lasted 00:04:54 (384 turns).

JumpingJurisdiction the Twirler (Minotaur Gladiator) Turns: 384, Time: 00:04:54

Health: -3/25      AC:  3    Str: 18    XL:     2   Next: 48%
Magic:  1/1        EV: 12    Int:  5    God:
Gold:   75         SH:  0    Dex: 11    Spells: 1/1 levels left

rFire   . . .      SeeInvis .    a - +0 quarterstaff
rCold   . . .      Faith    .    (shield currently unavailable)
rNeg    . . .      Spirit   .    h - +0 leather armour
rPois   .          Reflect  .    c - +0 hat
rElec   .          Rampage  .    (no cloak)
rCorr   .                        (no gloves)
Will    .....                    (no boots)
Stlth   +                        i - amulet of the acrobat
HPRegen 0.24/turn                (no ring)
MPRegen 0.07/turn                (no ring)

@: no status effects
A: horns 2, retaliatory headbutt
a: no special abilities


You were on level 5 of the Dungeon.
You visited 1 branch of the dungeon, and saw 5 of its levels.

You collected 75 gold pieces.

Inventory:

Hand Weapons
 a - a +0 quarterstaff (weapon)
Missiles
 d - 3 throwing nets (quivered)
 e - a javelin
Armour
 b - a +0 leather armour
 c - a +0 hat (worn)
 h - a +0 leather armour (worn)
Jewellery
 i - an amulet of the acrobat (around neck)
Scrolls
 g - a scroll of identify {unknown}
Potions
 f - a potion of berserk rage {unknown}


   Skills:
 + Level 2.8 Fighting
 + Level 3.9 Staves
 + Level 2.2 Throwing
 + Level 3.5 Dodging


You had one spell level left.
You didn't know any spells.
Your spell library was empty.

Dungeon Overview and Level Annotations

Branches:
Dungeon (5/15)
 Temple: D:4-7

Altars:

Annotations:
D:4 Pikel


Innate Abilities, Weirdness & Mutations

You have a pair of horns on your head.
You reflexively headbutt those who attack you in melee.


Message History

Found a stone staircase leading up.
A lemure comes into view.
The lemure shouts!
Pikel, Merchant of Souls comes into view.
He is wielding a +1 whip of flaming.
Pikel shouts!
You hear a shout!
You hear an angry hiss.
A lemure and a ball python come into view.
The lemure shouts!
The ball python hisses angrily.
A lemure comes into view.
There is a stone staircase leading down here.
You climb downwards.
Found a red potion and 12 gold pieces.
There is a stone staircase leading up here.
An orc comes into view. It is wielding a +0 hand axe.
Found a falchion.
A scorpion and an iguana come into view.
The iguana hisses angrily.
Found 3 stones.
The orc shouts!
You hear an angry growl.
A jackal comes into view.
Found a pair of boots.
The jackal barks!
The iguana hisses menacingly.
A black bear comes into view.
You see here 12 gold pieces.
A jackal comes into view.
The iguana hisses menacingly.
The orc throws a boomerang.
The boomerang completely misses you.
Found a scroll labelled TEOGEVUOTO.
The jackal barks!
The scorpion misses you. You furiously retaliate!
You headbutt the scorpion! The iguana bites you! The orc misses you.
You sock the scorpion!
You kill the scorpion!
A jackal comes into view.
A water moccasin comes into view.
The jackal bites you but does no damage.
The iguana bites you!
Ouch! That really hurt!
* * * LOW HITPOINT WARNING * * *
The orc hits you with a +0 hand axe.
You die...

#S.. .# #h.# .#
#..# .#
#..##.####
hh...)..#
#.......##
#.hl......
#######.@†.....#
.......$#o......
###.............
#.###.#.......
[. #.##.#...? .#
#.# .##... #.#
.# ##. #.# .#
#<#


You could see a water moccasin (wandering), a black bear, an iguana, an orc and
3 jackals.

Vanquished Creatures
  A scorpion (D:5)
  A worm (D:3)
  2 giant cockroaches
  A goblin (D:4)
  4 jackals (D:2)
  2 quokkas (D:1)
  A bat (D:1)
  A kobold (D:1)
  A rat (D:1)
14 creatures vanquished.

Notes
Turn   | Place    | Note
-------+----------+-------------------------------------------
     0 | D:1      | JumpingJurisdiction the Minotaur Gladiator began the quest
                  | for the Orb.
     0 | D:1      | Reached XP level 1. HP: 18/18 MP: 0/0
   297 | D:2      | Reached XP level 2. HP: 25/25 MP: 1/1
   370 | D:4      | Noticed a lemure
   371 | D:4      | Noticed Pikel
   372 | D:4      | Noticed a lemure
   372 | D:4      | Noticed a lemure
   374 | D:5      | Entered Level 5 of the Dungeon
   379 | D:5      | Noticed a scorpion
   381 | D:5      | Noticed a black bear
   384 | D:5      | Killed a scorpion
   384 | D:5      | Noticed a water moccasin
   384 | D:5      | Slain by an orc

Illustrated notes

Levels and vault maps discovered:
D:1:      kennysheep_arrival_forest, layout_loops_ring, serial_rivers,
          chequers_serial_rivers_large_a, chequers_serial_rivers_small_b,
          chequers_serial_rivers_micro_b, chequers_serial_rivers_large_b,
          chequers_serial_rivers_micro_b
D:2:      layout_basic, basic_altar, shapermc_ecumenical_altar_totnotflames,
          kennysheep_potato
D:3:      layout_loops_corners, grunt_dithmenos_smoke, ebering_ghost_sewer_d,
          uniq_robin
D:4:      layout_basic, chequers_serial_rivers_micro_e, eino_tiny_chamber,
          kennysheep_boxes, uniq_pikel, uniq_natasha, uniq_blork_the_orc
D:5:      layout_loops_ring, minmay_between

Action                     || total
---------------------------++-------
  Melee: Quarterstaff      ||    24
         Headbutt          ||     4
 Armour: Leather armour    ||     6
  Dodge: Dodged            ||    18

Table legend: (Time is in decaauts)
 A = Elapsed time spent in this place.
 B = Non-inter-level travel time spent in this place.
 C = Inter-level travel time spent in this place.
 D = Time resting spent in this place.
 E = Time spent auto-exploring this place.
 F = Levels seen in this place.
 G = Mean time per level.
                   A        B        C        D        E       F      G
               +--------+--------+--------+--------+--------+-----+--------+
         Total |    389 |    106 |    283 |      0 |      0 |   5 |   77.8 |
       Dungeon |    389 |    106 |    283 |      0 |      0 |   5 |   77.8 |
               +--------+--------+--------+--------+--------+-----+--------+

Top non-repeatable levels by time:
     D:1: 275 daAuts
     D:2: 46 daAuts
     D:4: 38 daAuts
     D:3: 19 daAuts
     D:5: 9 daAuts
